Map: Neon Violet Square LE

Players

barthak - Winner!

  • Race: Zerg Zerg
  • League: Gold
  • Spawn Location: 11:00

AgentOfChaos

  • Race: Zerg Zerg
  • League: Gold
  • Spawn Location: 5:00

VOD

Have the link to the VOD?

Description

Time

  • Played on: March 3, 2018, 9:59 p.m.
  • Length: 6:01
Show
View Real Time Build Order
Export as new Build Order

barthak Zerg - Winner!

Build Orders: Hatch First 

Get SALT Encoding   

  12  0:05  Drone  
  13  0:09  Drone  
  14  0:20  Overlord  
  14  0:43  Hatchery  
  13  0:53  Drone x2  
  15  0:57  Drone  
  16  1:13  Spawning Pool  
  15  1:18  Overlord  
  15  1:25  Drone  
  16  1:29  Drone  
  17  1:44  Extractor  
  17  1:45  Drone  
  17  1:53  Drone  
  18  2:02  Drone  
  18  2:03  Queen x2  
  18  2:06  Overlord  
  23  2:10  Zergling x2  
  23  2:15  Zergling x2  
  25  2:21  Zergling x4  
  27  2:28  Overlord  
  27  2:46  Zergling x6  
  30  2:57  Zergling x4  
  32  3:00  Metabolic Boost  
  32  3:11  Zergling x4  
  34  3:28  Zergling x4  
  34  3:29  Zergling x10  
  40  3:36  Baneling Nest  
  35  3:59  Zergling x8  
  37  4:14  Zergling x8  
  41  4:31  Zergling x4  
  42  4:41  Zergling x4  
  42  4:45  Baneling x4  
  43  4:46  Baneling x2  
  43  5:07  Drone  
  44  5:08  Overlord, Drone  
  44  5:09  Overlord x2  
  31  5:35  Drone  
  31  5:36  Drone x5  
  31  5:37  Drone x3  
Show
View Real Time Build Order
Export as new Build Order

AgentOfChaos Zerg 

Build Orders: Hatch First 

Get SALT Encoding   

  12  0:03  Drone  
  13  0:08  Drone  
  14  0:24  Extractor  
  14  0:25  Extractor  
  14  0:26  Drone x2  
  16  0:49  Hatchery  
  15  1:00  Spawning Pool  
  14  1:05  Overlord  
  14  1:17  Extractor  
  14  1:18  Drone  
  14  1:24  Drone x2  
  16  1:31  Drone  
  17  1:41  Drone  
  17  1:46  Queen  
  20  1:54  Drone  
  21  2:01  Queen  
  21  2:03  Drone  
  21  2:05  Drone  
  25  2:15  Extractor, Drone  
  25  2:18  Drone  
  26  2:33  Drone  
  27  2:48  Zergling x2  
  28  2:52  Overlord  
  28  3:15  Metabolic Boost  
  28  3:25  Zergling x2  
  28  3:26  Zergling x16  
  34  3:36  Queen  
  34  3:37  Queen  
  30  4:03  Drone  
  30  4:04  Drone x4  
  35  4:27  Zergling x2  
  35  4:32  Overlord  
  33  4:39  Zergling x2  
  33  4:40  Zergling x4  
  33  4:41  Overlord  
  33  4:42  Overlord  
  33  4:52  Zergling x8  
  32  4:55  Zergling x8  
  32  4:56  Zergling x2  
  24  5:24  Roach Warren, Evolution Chamber  
  24  5:25  Spine Crawler  
  24  5:28  Spine Crawler  
  7  5:38  Zergling x2  
  7  5:39  Zergling x6  
Tags
 
Add a new tag
Caveats
  • Supply blocks, unpowered buildings, or Contaminate may cause inaccurate times.
  • Supply counts are checked every 10 seconds.